 Dungeon Crawl Stone Soup version 0.20.1-1-g8b1a95d66d (webtiles) character file.

5341 Jannitor the Covert (level 10, -7/60 HPs)
             Began as a Deep Elf Chaos Knight on Dec 17, 2017.
             Mangled by a vampire (10 damage)
             ... on level 10 of the Dungeon.
             The game lasted 00:28:22 (12454 turns).

Jannitor the Covert (Deep Elf Chaos Knight)        Turns: 12454, Time: 00:28:22

Health: -7/60      AC: 11    Str: 13 (14) XL:     10   Next: 38%
Magic:  17/17      EV: 16    Int: 17 (18) God:    Xom [*.....]
Gold:   734        SH:  5    Dex: 15 (17) Spells: 2/9 levels left

rFire    . . .     SeeInvis .   k - +3 dagger (venom)
rCold    . . .     Gourm    .   H - +0 buckler
rNeg     . . .     Faith    .   b - +2 leather armour
rPois    +         Spirit   .   (no helmet)
rElec    .         Reflect  .   j - +1 cloak {+Inv}
rCorr    .         Harm     .   q - +0 pair of gloves
MR       ++...                  u - +0 pair of boots
Stlth    ++++......             (no amulet)
Regen    0.2/turn               x - ring of poison resistance
MPRegen  0.2/turn               (no ring)

@: mighty, hasted, very quick
A: fangs 1, slimy green scales 1, blurry vision 1, magic resistance 1, screaming
1
a: Renounce Religion, Evoke Invisibility


You were on level 10 of the Dungeon.
You worshipped Xom.
You were a special plaything of Xom.
You were hungry.

You visited 2 branches of the dungeon, and saw 11 of its levels.
You also visited: Ossuary.

You collected 734 gold pieces.

Inventory:

Hand Weapons
 a - a +0 short sword of chaos
 k - a +3 dagger of venom (weapon)
 o - a +0 blowgun
Missiles
 t - a throwing net (quivered)
 y - 5 curare-tipped needles
 D - 5 needles of confusion
Armour
 b - a +2 leather armour (worn)
 j - a +1 cloak of invisibility (worn)
 q - a +0 pair of gloves (worn)
 u - a +0 pair of boots (worn)
 H - a +0 buckler (worn)
 L - a +2 cloak of poison resistance
 R - the cursed +0 robe of Ecizal {Int+4}
   (You found it on level 8 of the Dungeon)

   It affects your intelligence (+4).
   It has a curse placed upon it.
Magical Staves
 I - an uncursed staff of power
Jewellery
 x - a ring of poison resistance (left hand)
 C - an uncursed ring of fire
Wands
 g - a wand of polymorph (16/24)
 K - a wand of flame (38/48)
 P - a wand of flame (21/48)
Scrolls
 e - 3 scrolls of teleportation
 f - a scroll of fear
 l - 5 scrolls of recharging
 v - 6 scrolls of identify
 B - a scroll of remove curse
 F - 3 scrolls of enchant weapon
 G - a scroll of fog
 J - 2 scrolls of amnesia
 M - a scroll of magic mapping
 Q - a scroll of blinking
Potions
 h - 3 potions of might
 p - 4 potions of flight
 z - a potion of mutation
 A - a potion of brilliance
 S - a potion of magic
Books
 T - a book of Frost

   Spells                             Type                      Level
   a - Freeze                         Ice                          1
   b - Throw Frost                    Conjuration/Ice              2
   c - Ozocubu's Armour               Charms/Ice                   3
   d - Throw Icicle                   Conjuration/Ice              4
   e - Summon Ice Beast               Ice/Summoning                4
Comestibles
 c - 3 bread rations
 i - 2 meat rations
 n - 13 royal jellies
 w - 3 fruits


   Skills:
 + Level 6.1 Fighting
 + Level 7.3 Short Blades
 - Level 0.7 Armour
 - Level 7.8 Dodging
 - Level 8.2 Stealth
 + Level 2.6 Shields
 + Level 3.1 Ice Magic
 + Level 7.6 Evocations


You had 2 spell levels left.
You knew the following spells:

 Your Spells              Type           Power        Failure   Level  Hunger
a - Ozocubu's Armour      Chrm/Ice       #.......     50%         3    ####...
b - Summon Ice Beast      Ice/Summ       #.......     88%         4    #####..


Dungeon Overview and Level Annotations

Branches:
Dungeon (10/15)            Temple (1/1) D:4
   Lair: D:8-11         Orc: D:9-12

Altars:
Ashenzari
Cheibriados
Dithmenos
Elyvilon
Fedhas
Gozag
Hepliaklqana
Kikubaaqudgha
Makhleb
Nemelex Xobeh
Okawaru
Qazlal
Ru
Sif Muna
Trog
Uskayaw
Vehumet
Xom
Yredelemnul
Zin
The Shining One

Shops:
D:4 (

Portals:
Trove: D:10 (give +3 storm dragon scales)

Annotations:
D:10 jesusflecha's ghost, journeyman GrFi


Innate Abilities, Weirdness & Mutations

You have very sharp teeth.
You are partially covered in slimy green scales. (AC +2)
Scrolls take you a little longer to read.
You are resistant to hostile enchantments. (MR+)
You occasionally shout uncontrollably at your foes.


Message History

Okay, then.
Unknown command.
Unknown command.
You hit something. Something hits you!
* * * LOW HITPOINT WARNING * * *
Something bites you.
* * * LOW HITPOINT WARNING * * *
Something draws strength from your injuries!
Evoke which item? (* to show all) (? for menu, Esc to quit)
Aiming: Throw Flame (will waste charges)
Press: ? - help, Shift-Dir - straight line The puff of flame hits something.
Evoking this partially-identified wand wasted a few charges.
Your skill with magical items lets you calculate the power of this device...
This wand has 21 charges left.
The bullfrog hits you.
* * * LOW HITPOINT WARNING * * *
You barely miss something. The bullfrog misses you. Something hits you.
* * * LOW HITPOINT WARNING * * *
Something bites you!
You die...

#.# #.....#.# #.#
#.....#.# #.#
#..h..#.# #.#
#.....# #.#
#.....#
#.#######.....#
#.............#
#########h#####.#
#....hF@{...#
#.###.#######
.... #####


You could see a bullfrog and 2 jackals.

Vanquished Creatures
  A two-headed ogre (D:9)
  7 yaks
  Menkaure (Ossuary)
  A porcupine (D:7)
  An orc warrior (D:7)
  5 ice beasts
  Duvessa (D:7)
  A sky beast (D:8)
  A necrophage (D:8)
  4 ogres
  3 centaurs
  A big kobold (D:9)
  3 bullfrogs
  Dowan (D:7)
  2 scorpions
  A howler monkey (D:6)
  A bullfrog zombie (D:5)
  4 crimson imps
  A centaur zombie (D:10)
  A quasit (D:8)
  A bullfrog skeleton (D:6)
  3 orc priests
  4 hounds
  Crazy Yiuf (D:6)
  3 jellies (D:9)
  2 centaur skeletons
  4 iguanas
  10 orc wizards
  3 worker ants
  A killer bee zombie (D:8)
  2 mummies (Ossuary)
  A worker ant zombie (D:5)
  3 gnolls (D:6)
  13 adders
  2 shadow imps
  A white imp (D:5)
  7 oozes
  2 worms
  3 dart slugs
  9 leopard geckos
  47 orcs
  3 ball pythons
  7 bats
  6 giant cockroaches
  4 gnoll zombies (Ossuary)
  12 goblins
  5 hobgoblins
  9 jackals
  14 kobolds
  3 quokkas
  A ball python skeleton (D:4)
  2 frilled lizards
  A giant cockroach zombie (D:6)
  2 gnoll skeletons (Ossuary)
  3 goblin skeletons (Ossuary)
  3 goblin zombies (Ossuary)
  3 hobgoblin skeletons (Ossuary)
  2 hobgoblin zombies (Ossuary)
  9 kobold skeletons (Ossuary)
  3 kobold zombies (Ossuary)
  3 orc skeletons (Ossuary)
  3 orc zombies (Ossuary)
  A quokka zombie (D:9)
  6 rats
  A rat skeleton (Ossuary)
  3 rat zombies (Ossuary)
272 creatures vanquished.

Vanquished Creatures (collateral kills)
  An ogre (D:8)
  A crimson imp (D:8)
  A jackal (D:8)
3 creatures vanquished.

Vanquished Creatures (others)
  A swamp drake (D:9)
  A crimson imp (D:7)
  A mummy (Ossuary)
  An orc (D:9)
  A gnoll zombie (Ossuary)
  A frilled lizard (D:4)
  2 goblin skeletons (Ossuary)
  A hobgoblin skeleton (Ossuary)
  4 kobold zombies (Ossuary)
  An orc skeleton (Ossuary)
  2 rat zombies (Ossuary)
16 creatures vanquished.

Grand Total: 291 creatures vanquished

Notes
Turn   | Place    | Note
-------+----------+-------------------------------------------
     0 | D:1      | Jannitor the Deep Elf Chaos Knight began the quest for the Orb.
     0 | D:1      | Reached XP level 1. HP: 13/13 MP: 3/3
    94 | D:1      | XOM: divination: detect items
   198 | D:1      | Reached XP level 2. HP: 16/18 MP: 4/4
   274 | D:1      | XOM: harmless Tmut miscast
   483 | D:1      | XOM: silly message
   549 | D:1      | Reached skill level 1 in Stealth
   555 | D:1      | XOM: scenery: 2 doors open
   605 | D:1      | XOM: mild Ice miscast
   722 | D:1      | Reached skill level 1 in Evocations
   750 | D:1      | Reached XP level 3. HP: 22/22 MP: 5/5
  1327 | D:2      | Found a basalt altar of Yredelemnul.
  1733 | D:2      | XOM: medium Tmut miscast
  1744 | D:2      | Gained mutation: Scrolls take you a little longer to read. [mutagenic glow]
  1749 | D:2      | XOM: divination: detect items
  1825 | D:3      | Found a deep blue altar of Sif Muna.
  1848 | D:3      | XOM: 1-stop teleportation journey
  1865 | D:3      | Reached skill level 2 in Stealth
  1988 | D:3      | XOM: god gift: 29 stones
  2055 | D:3      | Reached XP level 4. HP: 27/27 MP: 7/7
  2373 | D:3      | XOM: fog
  2457 | D:3      | Found a burning altar of Makhleb.
  2464 | D:3      | Reached XP level 5. HP: 32/32 MP: 8/8
  2496 | D:3      | XOM is BORED!
  2496 | D:3      | XOM: give mutation
  2496 | D:3      | Gained mutation: You are dopey. (Int -2) [Xom's mischief]
  2506 | D:3      | XOM: give mutations
  2506 | D:3      | Gained mutation: Scrolls take you longer to read. [Xom's mischief]
  2506 | D:3      | Gained mutation: You have a pair of small horns on your head. [Xom's mischief]
  2513 | D:3      | Reached skill level 3 in Stealth
  2623 | D:3      | XOM: give mutations
  2623 | D:3      | Gained mutation: You have a pair of horns on your head. [Xom's mischief]
  2623 | D:3      | Gained mutation: You are very dopey. (Int -4) [Xom's mischief]
  2623 | D:3      | Lost mutation: You are very dopey. (Int -4) [Xom's mischief]
  2683 | D:3      | XOM: give mutations
  2683 | D:3      | Gained mutation: You occasionally shout uncontrollably at your foes. [Xom's mischief]
  2683 | D:3      | Lost mutation: You are dopey. (Int -2) [Xom's mischief]
  2683 | D:3      | Gained mutation: You have sharp toenails. [Xom's mischief]
  2806 | D:3      | XOM: god gift: 22 bolts
  2943 | D:3      | XOM: scenery: create altars
  2986 | D:4      | Found a sacrificial altar of Ru.
  3001 | D:4      | Reached XP level 6. HP: 36/37 MP: 9/9
  3032 | D:4      | Found a glowing silver altar of Zin.
  3114 | D:4      | Found Ipnop's Antique Weapon Shop.
  3210 | D:4      | XOM: god gift: scroll labeled NOMOWEIXUGH {god gift}
  3218 | D:4      | Found a staircase to the Ecumenical Temple.
  3224 | Temple   | Entered the Ecumenical Temple
  3559 | D:4      | Found a sparkling altar of Nemelex Xobeh.
  3721 | D:4      | Reached skill level 4 in Stealth
  3860 | D:5      | Entered Level 5 of the Dungeon
  3864 | D:5      | XOM: give mutations
  3864 | D:5      | Lost mutation: You have a pair of horns on your head. [Xom's mischief]
  3864 | D:5      | Gained mutation: Scrolls take you much longer to read. [Xom's mischief]
  3905 | D:5      | XOM: give mutation
  3905 | D:5      | Gained mutation: You have sharp fingernails. [Xom's grace]
  4006 | D:5      | Reached XP level 7. HP: 41/41 MP: 11/11
  4064 | D:5      | XOM: god gift: war axe {god gift}
  4106 | D:5      | XOM: god gift: 10 stones
  4210 | D:5      | Found a shadowy altar of Dithmenos.
  4251 | D:5      | Reached skill level 5 in Dodging
  4251 | D:5      | Reached skill level 5 in Stealth
  4255 | D:5      | XOM: smoke on damage
  4978 | D:5      | XOM: noise
  5043 | D:5      | XOM: 9-stop teleportation journey
  5074 | D:5      | Reached skill level 5 in Short Blades
  5099 | D:5      | XOM: mild Air miscast
  5139 | D:6      | Found a blossoming altar of Fedhas.
  5160 | D:6      | XOM: butterfly on damage
  5167 | D:6      | Reached XP level 8. HP: 30/48 MP: 13/13
  5328 | D:6      | Found an opulent altar of Gozag.
  5399 | D:6      | XOM: god gift: 22 arrows
  5561 | D:6      | Reached skill level 6 in Stealth
  5658 | D:6      | XOM: swap monsters
  5669 | D:6      | Found a runed door.
  5675 | D:6      | Noticed Crazy Yiuf
  5679 | D:6      | Killed Crazy Yiuf
  6079 | D:6      | Found an iron altar of Okawaru.
  6192 | D:6      | Found an ancient bone altar of Kikubaaqudgha.
  6348 | D:6      | Reached skill level 5 in Evocations
  6623 | D:6      | XOM: medium Fire miscast
  6706 | D:6      | XOM: swap monsters
  6778 | D:6      | XOM: summons 4 hostile demons
  6873 | D:7      | Found a sand-covered staircase.
  6953 | Ossuary  | Entered an ossuary
  7040 | Ossuary  | XOM: give mutations
  7040 | Ossuary  | Gained mutation: Armour fits poorly on your strangely shaped body. [Xom's mischief]
  7040 | Ossuary  | Lost mutation: You have sharp toenails. [Xom's mischief]
  7391 | Ossuary  | Noticed Menkaure
  7401 | Ossuary  | Killed Menkaure
  7401 | Ossuary  | Reached skill level 7 in Stealth
  7401 | Ossuary  | Reached XP level 9. HP: 26/53 MP: 12/15
  7613 | D:7      | Found a hazy altar of Hepliaklqana.
  7822 | D:7      | XOM: give mutations
  7822 | D:7      | Gained mutation: You sometimes yell uncontrollably at your foes. [Xom's mischief]
  7822 | D:7      | Gained mutation: You are clumsy. (Dex -2) [Xom's mischief]
  8024 | D:7      | XOM: god gift: 45 gold pieces
  8081 | D:7      | XOM: polymorph scorpion -> porcupine
  8361 | D:7      | Noticed Duvessa
  8361 | D:7      | Noticed Dowan
  8373 | D:7      | Killed Duvessa
  8373 | D:7      | Reached skill level 5 in Fighting
  8386 | D:7      | Killed Dowan
  8980 | D:8      | XOM: harmless Summ miscast
  8981 | D:8      | XOM: noise
  8999 | D:8      | XOM: cast spell 'Statue Form'
  9237 | D:8      | Reached skill level 8 in Stealth
  9307 | D:8      | Got an opalescent robe
  9323 | D:8      | Identified the cursed +0 robe of Ecizal {Int+4} (You found it on level 8 of the Dungeon)
  9594 | D:8      | XOM: scenery: 1 doors close
  9932 | D:8      | XOM: scenery: create altars
 10183 | D:9      | XOM: god gift: book of Frost
 10185 | D:9      | XOM: confuse monster(s)
 10229 | D:8      | Learned a level 3 spell: Ozocubu's Armour
 10234 | D:8      | Learned a level 4 spell: Summon Ice Beast
 10242 | D:8      | XOM: cloud trail
 10462 | D:9      | Found a white marble altar of Elyvilon.
 10509 | D:9      | Noticed a two-headed ogre
 10518 | D:9      | XOM: polymorph orc warrior -> swamp drake
 10525 | D:9      | Killed a two-headed ogre
 10525 | D:9      | Reached skill level 1 in Shields
 10525 | D:9      | Reached skill level 1 in Ice Magic
 10565 | D:9      | Reached XP level 10. HP: 49/58 MP: 17/17
 10652 | D:9      | XOM: cast spell 'Ring of Flames'
 11075 | D:9      | XOM: divination: detect creatures
 11271 | D:9      | XOM: scenery: create altars
 11470 | D:9      | Lost mutation: Armour fits poorly on your strangely shaped body. [potion of mutation]
 11470 | D:9      | Lost mutation: You are clumsy. (Dex -2) [potion of mutation]
 11470 | D:9      | Lost mutation: Scrolls take you much longer to read. [potion of mutation]
 11470 | D:9      | Gained mutation: Your spells are a little harder to cast, but a little more powerful. [potion of mutation]
 11471 | D:9      | Lost mutation: Your spells are a little harder to cast, but a little more powerful. [potion of mutation]
 11471 | D:9      | Lost mutation: You have sharp fingernails. [potion of mutation]
 11471 | D:9      | Lost mutation: You sometimes yell uncontrollably at your foes. [potion of mutation]
 11471 | D:9      | Gained mutation: Scrolls take you much longer to read. [potion of mutation]
 11471 | D:9      | Gained mutation: You are partially covered in slimy green scales. (AC +2) [potion of mutation]
 11471 | D:9      | Gained mutation: You have a beak for a mouth. [potion of mutation]
 11472 | D:9      | Lost mutation: Scrolls take you much longer to read. [potion of mutation]
 11472 | D:9      | Lost mutation: You have a pair of small horns on your head. [potion of mutation]
 11472 | D:9      | Lost mutation: You have a beak for a mouth. [potion of mutation]
 11472 | D:9      | Lost mutation: Scrolls take you longer to read. [potion of mutation]
 11472 | D:9      | Gained mutation: You have very sharp teeth. [potion of mutation]
 11472 | D:9      | Gained mutation: You are resistant to hostile enchantments. (MR+) [potion of mutation]
 11639 | D:10     | Entered Level 10 of the Dungeon
 11738 | D:10     | XOM: fog
 11746 | D:10     | XOM: god gift: robe {god gift}
 11812 | D:10     | XOM: summons 3 friendly demons
 11820 | D:10     | XOM: cast spell 'Ring of Flames'
 11905 | D:10     | XOM: medium Pois miscast
 11949 | D:10     | Noticed jesusflecha's ghost (journeyman GrFi)
 11959 | D:10     | XOM: enchant monster (good)
 11972 | D:10     | XOM: polymorph adder -> orc
 11976 | D:10     | XOM: medium Ice miscast
 12266 | D:10     | XOM: confusion
 12298 | D:10     | Found a portal to a secret trove of treasure.
 12454 | D:10     | HP: 3/60 [something (5)]
 12454 | D:10     | Mangled by a vampire

Skill      XL: |  1  2  3  4  5  6  7  8  9 10 |
---------------+-------------------------------+-----
Dodging        | 3 4 5 6 7 |  7.8
Stealth        | 1 2 3 4 5 7 8 |  8.2
Evocations     | 1 2 3 4 5 6 7 |  7.6
Fighting       | 3 4 5 6 |  6.1
Short Blades   | 4 5 6 7 |  7.3
Shields        | 1 2 |  2.6
Ice Magic      | 2 3 |  3.1
Armour         | |  0.7

Action                   |  1- 3 |  4- 6 |  7- 9 | 10-12 || total
-------------------------+-------+-------+-------+-------++-------
Melee: Short sword       |    12 |       |       |       ||    12
       Dagger            |   110 |   167 |   640 |   168 ||  1085
       Headbutt          |       |    14 |   108 |    17 ||   139
       Bite              |       |       |       |     8 ||     8
 Fire: Blowgun           |       |     4 |     2 |       ||     6
 Abil: Evoke Invisibilit |       |       |    14 |     3 ||    17
Evoke: Wand              |       |       |       |     3 ||     3
  Use: Potion            |     4 |       |     1 |    23 ||    28
       Scroll            |       |     9 |     6 |     2 ||    17
 Stab: Sleeping          |     4 |     6 |    14 |     2 ||    26
       Distracted        |     1 |       |     3 |     1 ||     5
       Invisible         |       |       |    20 |     7 ||    27
       Confused          |       |       |     1 |       ||     1
  Eat: Chunk             |     4 |     4 |    12 |     5 ||    25
       Bread ration      |       |       |     4 |       ||     4
Armor: Leather armour    |    34 |    61 |    96 |    34 ||   225
       Skin              |       |       |     6 |       ||     6
Dodge: Dodged            |    75 |    93 |   331 |    85 ||   584
Block: Buckler           |       |       |    21 |    24 ||    45
